 Dungeon Crawl Stone Soup version 0.29.1-15-g9cfb28693d (webtiles) character file.

Game seed: 11162798890233884197

291 Anriel the Ducker (level 6, -3/44 (47) HPs)
             Began as a Human Gladiator on Mar 10, 2023.
             Slain by a wight
             ... wielding a +2 hand axe of freezing
              (6 damage)
             ... on level 4 of the Dungeon.
             The game lasted 00:12:53 (3155 turns).

Anriel the Ducker (Human Gladiator)                 Turns: 3155, Time: 00:12:54

HP:   -3/44 (47)    AC:  7    Str: 14    XL:     6   Next: 59%
MP:   6/6           EV: 13    Int:  8    God:
Gold: 235           SH:  0    Dex: 17    Spells: 5/5 levels left

rFire   . . .      SeeInvis .   a - +3 long sword
rCold   . . .      Faith    .   (no shield)
rNeg    . . .      Spirit   .   l - +0 ring mail
rPois   .          Reflect  .   c - +1 helmet
rElec   .          Harm     .   (no cloak)
rCorr   .          Rampage  .   (no gloves)
Will    .....                   (no boots)
Stlth   +.........              g - amulet of the acrobat
HPRegen 0.14/turn               (no ring)
MPRegen 0.10/turn               (no ring)

@: drained
A: no striking features
a: no special abilities


You were on level 4 of the Dungeon.
You visited 1 branch of the dungeon, and saw 4 of its levels.

You collected 235 gold pieces.

Inventory:

Hand Weapons
 a - a +3 long sword (weapon)
 m - a +0 arbalest
Missiles
 d - 5 throwing nets (quivered)
 e - a javelin
Armour
 c - a +1 helmet (worn)
 l - a +0 ring mail (worn)
Jewellery
 g - an amulet of the acrobat (around neck)
Wands
 q - a wand of flame (16)
Scrolls
 j - a scroll of enchant weapon
 n - a scroll of magic mapping {unknown}
 o - a scroll of fear
Potions
 b - 3 potions of brilliance
 h - 2 potions of might {unknown}
 i - a potion of haste
 k - a potion of berserk rage {unknown}
 p - a potion of ambrosia {unknown}


   Skills:
 + Level 3.3 Fighting
 * Level 4.8 Long Blades
 - Level 2.0 Throwing
 * Level 4.9 Dodging


You had 5 spell levels left.
You didn't know any spells.
Your spell library contained the following spells:

 Spells                   Type           Power      Damage    Failure   Level
 Ozocubu's Armour         Ice            0%         N/A       95%         3
 Metabolic Englaciation   Hex/Ice        0%         N/A       100%        5
 Simulacrum               Ice/Necr       0%         N/A       100%        6


Dungeon Overview and Level Annotations

Branches:
Dungeon (4/15)
 Temple: D:4-7

Altars:
Hepliaklqana

Shops:
D:2 (


Message History

The wight hits you with a +2 hand axe of freezing.
The wight freezes you. The wight closely misses you.
You barely miss the wight.
The wight is heavily damaged.
The wight hits you with a +2 hand axe of freezing.
You feel drained. The wight freezes you. The wight hits you but does no damage.
Unknown command.
You slash the wight!
You destroy the wight!
The wight hits you but does no damage.
Your life force feels restored.
You slash the wight!
The wight is heavily damaged.
The wight hits you with a +2 hand axe of freezing.
The wight freezes you.
You hit the wight but do no damage.
The wight is heavily damaged.
The wight closely misses you.
You slash the wight!
The wight is almost destroyed.
The wight completely misses you.
You completely miss the wight.
The wight is almost destroyed.
The wight hits you with a +2 hand axe of freezing!
You feel drained. The wight freezes you.
* * * LOW HITPOINT WARNING * * *
The wight hits you with a +2 hand axe of freezing.
* * * LOW HITPOINT WARNING * * *
You feel drained.
* * * LOW HITPOINT WARNING * * *
The wight freezes you.
* * * LOW HITPOINT WARNING * * *
You hit the wight.
The wight is almost destroyed.
The wight misses you.
Items here: )) [[.
You hit the wight but do no damage.
The wight is almost destroyed.
The wight hits you with a +2 hand axe of freezing.
You die...

..........# # #.........# .#
#.........####.##
#...##.................
#...##.........#........
##...##.................. ######
#8...8#..........#.....### ......
#...########..#z#....... ......
##...##8###8#.##@#.....# ......
......................## ......
...⌠...................## ......
........................###......
##...##8###8#............(.......
#...########......(<....##......
#8...8#.............###### ##....
##...##.............# .##
#...##....|........# #


You could see a wight.

Vanquished Creatures
  3 wights (D:4)
  3 adders
  3 gnolls (D:3)
  3 worms
  2 dart slugs (D:1)
  2 bats (D:1)
  3 endoplasms
  5 giant cockroaches
  6 goblins
  8 hobgoblins
  3 jackals (D:1)
  7 kobolds
  4 quokkas
  5 ball pythons
  4 frilled lizards
  5 rats
66 creatures vanquished.

Notes
Turn   | Place    | Note
-------+----------+-------------------------------------------
     0 | D:1      | Anriel the Human Gladiator began the quest for the Orb.
     0 | D:1      | Reached XP level 1. HP: 16/16 MP: 1/1
   127 | D:1      | Reached XP level 2. HP: 11/22 MP: 2/2
   465 | D:1      | Reached XP level 3. HP: 26/27 MP: 3/3
  1225 | D:2      | Reached XP level 4. HP: 31/34 MP: 4/4
  1471 | D:2      | Found Uwuuppu's Antique Weapon Shop.
  1555 | D:2      | Found a faded altar of an unknown god.
  2026 | D:3      | Found a hazy altar of Hepliaklqana.
  2035 | D:3      | Reached XP level 5. HP: 40/40 MP: 5/5
  2976 | D:4      | Reached XP level 6. HP: 47/47 MP: 6/6
  3155 | D:4      | Slain by a wight

Illustrated notes

Levels and vault maps discovered:
D:1:      dpeg_arrival_arbitrary_a, layout_basic, minmay_crystal_water,
          minmay_liquid_box, minmay_bisected
D:2:      layout_loops_cross, serial_shops, nicolae_shop_statue_plus,
          hellmonk_ecumenical_altar_crossroads
D:3:      layout_rooms, amcnicky_altar_gilded
D:4:      layout_rooms, bloody_makhleb, serial_corexii_hall,
          corexii_hall_statues_x, chequers_hall_statues_corner_a,
          corexii_hall_statues_s, chequers_hall_statues_wall_a,
          corexii_hall_statues_l, corexii_hall_statues_l, reono_crystal_passage

Skill      XL: |  1  2  3  4  5 |
---------------+----------------+-----
Dodging        | 4 |  4.9
Long Blades    | 4 |  4.8
Fighting       | 3 |  3.3
Throwing       | |  2.0

Action                   |  1- 3 |  4- 6 || total
-------------------------+-------+-------++-------
Melee: Long sword        |    97 |    98 ||   195
       Punch             |     1 |       ||     1
 Fire: Arbalest          |       |     1 ||     1
  Use: Scroll            |     5 |     2 ||     7
       Potion            |     2 |     2 ||     4
 Stab: Sleeping          |     1 |       ||     1
Armor: Leather armour    |     7 |       ||     7
       Ring mail         |    48 |    24 ||    72
       Skin              |     8 |       ||     8
Dodge: Dodged            |    75 |    82 ||   157
